 Dungeon Crawl Stone Soup version 0.27-a0-887-gcab673c142 (webtiles) character file.

Game seed: 10283181707920075747

248119 jasper the Earth Mage (level 18, -41/127 HPs)
             Began as a Spriggan Venom Mage on Apr 2, 2021.
             Was the Champion of Vehumet.
             Annihilated by a titanic slime creature (84 damage)
             ... on level 1 of the Vaults on Apr 4, 2021.
             The game lasted 01:42:47 (44401 turns).

jasper the Earth Mage (Spriggan Venom Mage)        Turns: 44401, Time: 01:42:48

Health: -41/127    AC: 32    Str:  7    XL:     18   Next: 84%
Magic:  29/40      EV: 26    Int: 45    God:    Vehumet [******]
Gold:   1876       SH:  9    Dex: 19    Spells: 13/51 levels left

rFire    . . .     SeeInvis +   c - +7 war axe of Luxkid {vamp, *Slow rPois rF- Int+9}
rCold    . . .     Faith    .   E - +1 buckler
rNeg     + . .     Spirit   .   (armour currently unavailable)
rPois    ∞         Reflect  .   R - +1 hat
rElec    +         Harm     .   u - scarf {repulsion}
rCorr    .         Rampage  .   (gloves unavailable)
Will     +++..                  (boots unavailable)
Stlth    +++.......             a - amulet of Opameuto {RegenMP rF+ Str+3 Dex+3}
HPRegen  0.31/turn              w - +6 ring of intelligence
MPRegen  0.52/turn              L - +6 ring of intelligence

@: statue-form, repel missiles, very slow
A: slow and powerful, torment resistance 1, boosted hp, very small, no large
weapons, unfitting armour, see invisible, (speed 3)
}: 2/15 runes: decaying, gossamer
a: End Transformation, Renounce Religion


You were on level 1 of the Vaults.
You worshipped Vehumet.
Vehumet was exalted by your worship.
You were a living statue of rough stone.
You visited 7 branches of the dungeon, and saw 33 of its levels.
You also visited: Ice Cave and Wizlab.

You collected 3386 gold pieces.
You spent 1510 gold pieces at shops.

Inventory:

Hand Weapons
 c - the +7 war axe of Luxkid (weapon) {vamp, *Slow rPois rF- Int+9}
   (You found it on level 12 of the Dungeon)

   It inflicts no extra harm, but heals its wielder when it wounds a living foe.
   It affects your intelligence (+9).
   It makes you vulnerable to fire.
   It protects you from poison.
   It may slow you when you take damage.
 D - the +10 dagger "Ocobb" {freeze, rElec rPois Str+3 Int+2}
   (You found it on level 7 of the Dungeon)

   It has been specially enchanted to freeze those struck by it, causing extra
   injury to most foes and up to half again as much damage against particularly
   susceptible opponents.
   It can also slow down cold-blooded creatures.
   It affects your strength (+3).
   It affects your intelligence (+2).
   It insulates you from electricity.
   It protects you from poison.
Missiles
 e - 822 stones
 m - 113 poisoned darts
 o - 7 throwing nets
 t - 16 curare-tipped darts
Armour
 u - a scarf of repulsion (worn)
 E - a +1 buckler (worn)
 R - a +1 hat (worn)
 V - a +1 robe of cold resistance
 Z - a +2 robe of fire resistance (melded)
Jewellery
 a - the amulet of Opameuto (around neck) {RegenMP rF+ Str+3 Dex+3}
   (You found it on level 8 of the Dungeon)

   [amulet of magic regeneration]

   It increases your rate of magic regeneration.
   It affects your strength (+3).
   It affects your dexterity (+3).
   It protects you from fire.
 i - a ring of protection from cold
 j - a ring of willpower
 w - a +6 ring of intelligence (left fist)
 y - a ring of protection from cold
 L - a +6 ring of intelligence (right fist)
 T - a ring of wizardry
Wands
 g - a wand of digging (5)
 k - a wand of iceblast (16)
 I - a wand of paralysis (17)
 K - a wand of acid (6)
 M - a wand of flame (72)
 N - a wand of polymorph (3)
Scrolls
 f - a scroll of fog
 l - 13 scrolls of identify
 x - 8 scrolls of teleportation
 z - 5 scrolls of magic mapping
 C - 3 scrolls of vulnerability
 F - 2 scrolls of fear
 H - 3 scrolls of immolation
 O - 5 scrolls of amnesia
 Q - 2 scrolls of holy word
 U - 2 scrolls of brand weapon
 W - a scroll of blinking
 Y - 3 scrolls of enchant armour
Potions
 b - 6 potions of lignification
 h - 4 potions of resistance
 n - 11 potions of curing
 p - 3 potions of flight
 q - 3 potions of might
 r - 7 potions of attraction
 s - 9 potions of brilliance
 v - a potion of heal wounds
 A - 2 potions of berserk rage
 B - 2 potions of cancellation
 G - 3 potions of invisibility
 J - 4 potions of magic
 P - 4 potions of mutation
 S - 3 potions of haste
 X - a potion of ambrosia
Miscellaneous
 d - a tin of tremorstones (2/2)


   Skills:
 - Level 12.0 Fighting
 - Level 5.0 Axes
 - Level 12.0 Dodging
 - Level 3.3 Stealth
 - Level 7.2 Shields
 + Level 17.4 Spellcasting
 + Level 7.8 Conjurations
 - Level 1.0 Necromancy
 - Level 1.0 Translocations
 - Level 6.0 Transmutations
 - Level 2.0 Fire Magic
 - Level 5.2 Air Magic
 * Level 17.5 Earth Magic
 - Level 8.0 Poison Magic


You had 13 spell levels left.
You knew the following spells:

 Your Spells              Type           Power      Damage    Failure   Level
a - Iron Shot             Conj/Erth      50%        9d10      1%          6
b - Ignite Poison         Fire/Tmut/Pois 72%        N/A       1%          3
c - Mephitic Cloud        Conj/Pois/Air  80%        N/A       1%          3
d - Animate Skeleton      Necr           96%        N/A       1%          1
e - Apportation           Tloc           96%        N/A       1%          1
f - Olgreb's Toxic Radia  Pois           84%        N/A       1%          4
g - Sandblast             Erth           100%       2d20      0%          1
h - Passwall              Tmut/Erth      81%        N/A       0%          2
i - Petrify               Tmut/Erth      98%        N/A       1%          4
j - Blink                 Tloc           N/A        N/A       1%          2
k - Lee's Rapid Deconstr  Erth           57%        3d28*     0%          5
l - Statue Form           Tmut/Erth      65%        N/A       1%          6

Your spell library contained the following spells:

 Spells                   Type           Power      Damage    Failure   Level
 Lehudib's Crystal Spear  Conj/Erth      50%        10d12     5%          8
 Chain Lightning          Conj/Air       39%        N/A       54%         8
 Tornado                  Air            36%        N/A       100%        9
 Magic Dart               Conj           100%       1d8       0%          1
 Stone Arrow              Conj/Erth      100%       3d13      0%          3
 Beastly Appendage        Tmut           100%       N/A       1%          1
 Corona                   Hex            43%        N/A       1%          1
 Foxfire                  Conj/Fire      100%       2x1d9     1%          1
 Pain                     Necr           100%       1d9       1%          1
 Shock                    Conj/Air       100%       1d9       1%          1
 Sting                    Tmut/Pois      100%       1d8       1%          1
 Summon Small Mammal      Summ           100%       N/A       1%          1
 Call Imp                 Summ           39%        N/A       1%          2
 Ensorcelled Hibernation  Hex/Ice        78%        N/A       1%          2
 Poisonous Vapours        Pois/Air       100%       N/A       1%          2
 Slow                     Hex            39%        N/A       1%          2
 Swiftness                Air            72%        N/A       1%          2
 Wereblood                Tmut           75%        N/A       1%          2
 Call Canine Familiar     Summ           39%        N/A       1%          3
 Confusing Touch          Hex            39%        N/A       1%          3
 Conjure Flame            Conj/Fire      70%        6-21      1%          3
 Gell's Gravitas          Tloc           24%        N/A       1%          3
 Inner Flame              Hex/Fire       48%        N/A       1%          3
 Lesser Beckoning         Tloc           24%        N/A       1%          3
 Spider Form              Tmut/Pois      40%        N/A       1%          3
 Static Discharge         Conj/Air       78%        N/A       1%          3
 Summon Guardian Golem    Hex/Summ       39%        N/A       1%          3
 Teleport Other           Tloc           48%        N/A       1%          3
 Vampiric Draining        Necr           24%        2d9       1%          3
 Airstrike                Air            36%        N/A       1%          4
 Animate Armour           Summ/Erth      100%       N/A       1%          4
 Ice Form                 Ice/Tmut       60%        N/A       1%          4
 Sticky Flame             Conj/Fire      70%        2d8       1%          4
 Summon Lightning Spire   Summ/Air       58%        N/A       1%          4
 Borgnjor's Vile Clutch   Necr/Erth      44%        N/A       1%          5
 Fireball                 Conj/Fire      35%        3d15      1%          5
 Hydra Form               Tmut           37%        N/A       1%          5
 Irradiate                Conj/Tmut      40%        3d26      1%          5
 Lightning Bolt           Conj/Air       39%        1d57      1%          5
 Yara's Violent Unravell  Hex/Tmut       30%        3d13      1%          5
 Animate Dead             Necr           24%        N/A       3%          4
 Freezing Cloud           Conj/Ice/Air   34%        6-21      4%          6
 Silence                  Hex/Air        29%        N/A       5%          5
 Cause Fear               Hex            19%        N/A       6%          4
 Summon Ice Beast         Ice/Summ       39%        N/A       6%          4
 Blade Hands              Tmut           37%        N/A       8%          6
 Agony                    Necr           48%        N/A       11%         5
 Manifold Assault         Tloc           48%        N/A       11%         5
 Summon Forest            Summ/Tloc      21%        N/A       13%         5
 Metabolic Englaciation   Hex/Ice        19%        N/A       16%         5
 Summon Mana Viper        Hex/Summ       39%        N/A       16%         5
 Dragon Form              Tmut           37%        N/A       38%         7
 Death Channel            Necr           24%        N/A       52%         6
 Simulacrum               Ice/Necr       21%        N/A       58%         6
 Shadow Creatures         Summ           N/A        N/A       65%         6
 Ozocubu's Refrigeration  Ice            19%        4d8       73%         7
 Summon Hydra             Summ           19%        N/A       99%         7
 Dragon's Call            Summ           19%        N/A       100%        9


Dungeon Overview and Level Annotations

Branches:
Dungeon (15/15)            Temple (1/1) D:7            Lair (6/6) D:9
  Swamp (4/4) Lair:3       Spider (4/4) Lair:2        Slime (0/5) Lair:5
    Orc (2/2) D:12            Elf (0/3) Orc:2        Vaults (1/5) D:13
 Depths (0/5) D:15          IceCv (visited)          WizLab (visited)

Altars:
Ashenzari
Cheibriados
Dithmenos
Elyvilon
Fedhas
Gozag
Hepliaklqana
Kikubaaqudgha
Makhleb
Nemelex Xobeh
Okawaru
Qazlal
Ru
Sif Muna
Trog
Uskayaw
Vehumet
Wu Jian
Xom
Yredelemnul
Zin
The Shining One
Beogh
Jiyva

Shops:
D:6 ***   D:9 (   Orc:2 [:[[   Vaults:1 =

Annotations:
Swamp:1 2 runed translucent doors, Apurealuerch's ghost, adept GrGl
Swamp:2 2 runed translucent doors, taxman66's ghost, journeyman DDFi


Innate Abilities, Weirdness & Mutations

You are a living statue of rough stone.
Your actions are slow, but your melee attacks are powerful.
You are resistant to unholy torment.
Your maximum health is greatly increased.
You are immune to poison.
Your equipment is partially melded.
You are very small and have problems with some larger weapons.
You are too small for most types of armour.
You have supernaturally acute eyesight. (SInv)
((You cover ground extremely quickly. (Speed+++)))


Message History

You block the very large slime creature's attack.
The deep troll bites you.
The deep troll claws you but does no damage. x2
You take 25 damage, and have 52/127 hp.
The yaktaur looks more healthy.
Two slime creatures merge to form a titanic slime creature.
The deep troll closely misses you. You block the deep troll's attack. x2
The deep troll bites you but does no damage.
You block the deep troll's attack.
The deep troll claws you but does no damage.
The deep troll bites you but does no damage.
The deep troll claws you but does no damage.
The deep troll completely misses you.
You block the titanic slime creature's attack.
The deep troll misses you. You block the deep troll's attack.
The deep troll completely misses you. The deep troll bites you.
The deep troll claws you but does no damage.
The deep troll barely misses you.
The titanic slime creature completely misses you.
The ironbound preserver gestures wildly while chanting.
The ironbound preserver begins to accept its allies' injuries.
The deep troll bites you but does no damage.
The deep troll claws you.
The deep troll claws you but does no damage.
There is an open gate here.
You take 4 damage, and have 48/127 hp.
You regained 2 mp, and now have 26/40 mp.
You feel yourself speed up.
The yaktaur wields a +0 arbalest.
The yaktaur shoots a bolt.
The bolt completely misses you. The deep troll closely misses you.
The deep troll completely misses you. You block the deep troll's attack.
The deep troll looks more healthy.
The ironbound preserver gestures wildly while chanting.
The ironbound preserver begins to accept its allies' injuries.
The deep troll completely misses you. The deep troll claws you!
The deep troll claws you but does no damage.
You take 7 damage, and have 42/127 hp.
The titanic slime creature hits you!!!!
Ouch! That really hurt!
You die...

#### #.....#.....#..###.## ....
#.....#.....#..#..... ....
#.....#...).'..#.....
#..#########....###....#.....#..
#..#.......#.#### ####.#..#.....
#..'.......#....###....#..#.....
....#.......#.....#.....#..###.##
))†.#.......'.TJT.#.....#........
##..#.......'cp.8.#))...#........
#..#.......'.Tc...)....#########
#..#.......#############........
...######### #########........
... #.......#.#######
#.......'...####.
#.......#....##..
#.......##...##..
#.......##...##..


You could see an ironbound preserver (poisoned), a titanic slime creature
(sheltered), 3 deep trolls and 2 yaktaurs.

Vanquished Creatures
  An ancient lich (WizLab)
  Mara (Swamp:4)
  Jorgrun (D:13)
  2 ancient champions (WizLab)
  A sphinx (Vaults:1)
  A thorn hunter (Swamp:4)
  Kirke (D:14)
  Donald (Swamp:1)
  2 orc warlords
  4 ghost moths
  Aizul (Swamp:3)
  A frost giant (IceCv)
  3 emperor scorpions
  2 ironbound preservers (Vaults:1)
  2 entropy weavers (Spider:4)
  7 bunyips
  2 spark wasps
  2 eleionomae
  An ettin (Orc:2)
  3 crystal guardians (Vaults:1)
  6 boulder beetles
  Fannar (D:11)
  2 rakshasas (D:15)
  A yaktaur captain (Vaults:1)
  A peacekeeper (Vaults:1)
  2 great orbs of eyes
  Erolcha (Orc:1)
  Harold (D:8)
  8 vault guards (D:13)
  An ironbound thunderhulk (Vaults:1)
  24 hydras
  2 ghost crabs
  An ironbound frostheart (Vaults:1)
  Erica (D:11)
  4 centaur warriors
  2 catoblepae
  7 alligators
  A death scarab (Spider:4)
  A tengu warrior (D:15)
  9 two-headed ogres
  2 death yaks (IceCv)
  Urug (D:11)
  Sonja (Lair:3)
  An orc high priest (Orc:2)
  2 goliath frogs (Swamp:4)
  13 skeletal warriors
  9 deep trolls (Vaults:1)
  A sea snake (Lair:6)
  2 spriggan druids
  A sea snake (shapeshifter) (D:15)
  8 swamp dragons
  2 wizards
  Pikel (D:7)
  3 bog bodies
  13 orc knights
  A harpy (shapeshifter) (D:15)
  A tengu zombie (Vaults:1)
  3 ironbound convokers (Vaults:1)
  13 orb spiders
  4 deep elf pyromancers
  A necromancer (Vaults:1)
  3 wolf spider zombies (Spider:4)
  9 ugly things
  24 wolf spiders
  An oklob plant (Lair:4)
  A sphinx skeleton (Vaults:1)
  5 will-o-the-wisps
  An orc sorcerer (Orc:2)
  4 cyclopes
  A manticore (D:14)
  A moth of wrath (Spider:4)
  3 elephants (Lair:5)
  4 vault sentinels (Vaults:1)
  An ice statue (IceCv)
  4 torpor snails
  4 black mambas
  5 rime drakes
  11 cane toads
  13 demonic crawlers
  A kobold demonologist (D:10)
  2 yaktaurs (Vaults:1)
  A redback zombie (Spider:4)
  3 komodo dragons
  An efreet (D:14)
  A yaktaur skeleton (Vaults:1)
  6 trolls
  A bloated husk (Swamp:3)
  A wind drake (Lair:6)
  26 jumping spiders
  13 hornets
  3 meliai (Spider:4)
  A spectral jumping spider (Spider:4)
  12 tyrant leeches
  16 polar bears
  A tarantella zombie (Spider:4)
  A jumping spider zombie (Spider:4)
  7 blink frogs
  Prince Ribbit (D:8)
  An ettin zombie (Vaults:1)
  14 slime creatures
  A blink frog (shapeshifter) (D:14)
  2 dream sheep (Lair:6)
  A centaur simulacrum (D:13)
  5 wyverns
  67 redbacks
  Sigmund (D:4)
  5 spriggans
  A water elemental (D:13)
  5 vampires
  30 tarantellas
  3 wraiths (D:12)
  A basilisk (shapeshifter) (D:15)
  5 hogs (D:14)
  82 yaks
  Grum (D:8)
  A basilisk (Lair:2)
  9 wargs
  7 vampire mosquitoes
  14 swamp worms
  Edmund (D:5)
  3 two-headed ogre zombies (WizLab)
  16 water moccasins
  A spectral hornet (Spider:4)
  2 ice beasts (D:13)
  11 swamp drakes
  4 black bears
  47 orc warriors
  A sky beast (D:6)
  2 hornet zombies (Spider:4)
  51 wolves
  6 ogres
  7 centaurs
  A phantom (D:6)
  A human zombie (Vaults:1)
  13 bullfrogs
  5 kobold brigands
  6 scorpions
  A water moccasin zombie (D:5)
  5 troll zombies (WizLab)
  6 killer bees
  8 wights (WizLab)
  3 electric eels (Lair:3)
  4 howler monkeys
  6 crimson imps
  2 centaur zombies
  A jelly (D:7)
  4 hounds
  3 gnoll shamans
  17 orc priests
  A centaur skeleton (D:4)
  An iron imp (D:9)
  Jessica (D:2)
  An iguana (D:5)
  23 orc wizards
  6 hell rats (Lair:2)
  2 killer bee zombies
  5 ogre zombies (WizLab)
  A hound skeleton (D:5)
  16 gnolls
  A howler monkey skeleton (D:4)
  6 adders
  8 river rats (Lair:2)
  A shadow imp (D:9)
  17 white imps
  An ufetubus (D:13)
  2 adder skeletons (D:4)
  A dart slug (D:1)
  A worm (D:6)
  99 orcs
  10 endoplasms
  2 giant cockroaches (D:2)
  12 hobgoblins
  16 jackals
  3 quokkas
  9 ball pythons
  3 bats
  5 frilled lizards
  13 goblins
  27 kobolds
  5 rats
1184 creatures vanquished.

Vanquished Creatures (others)
  A jumping spider (Spider:4)
  4 bloated husks
  A hornet (Swamp:3)
  2 spriggans (Swamp:3)
  10 foxfires
  27 fungi
  59 plants
104 creatures vanquished.

Grand Total: 1288 creatures vanquished

Notes
Turn   | Place    | Note
-------+----------+-------------------------------------------
     0 | D:1      | jasper the Spriggan Venom Mage began the quest for the Orb.
     0 | D:1      | Reached XP level 1. HP: 9/9 MP: 5/5
     0 | D:1      | Upgraded the game from 0.27-a0-869-g165b36e3f0 to
                  | 0.27-a0-887-gcab673c142
   242 | D:1      | Reached XP level 2. HP: 13/13 MP: 3/6
   735 | D:1      | Reached XP level 3. HP: 16/16 MP: 6/8
   766 | D:1      | Learned a level 3 spell: Ignite Poison
   770 | D:1      | Learned a level 3 spell: Mephitic Cloud
  1071 | D:2      | Found a faded altar of an unknown god.
  1596 | D:2      | Reached XP level 4. HP: 21/21 MP: 4/9
  1598 | D:2      | Learned a level 1 spell: Animate Skeleton
  2528 | D:2      | Noticed Jessica
  2532 | D:2      | Killed Jessica
  2999 | D:3      | Reached XP level 5. HP: 24/24 MP: 6/10
  3895 | D:3      | Learned a level 1 spell: Apportation
  4061 | D:4      | Noticed Sigmund
  4094 | D:5      | Entered Level 5 of the Dungeon
  4160 | D:5      | Reached skill level 5 in Transmutations
  4204 | D:5      | Noticed an ogre
  4219 | D:5      | Killed an ogre
  4220 | D:5      | Reached skill level 5 in Poison Magic
  4220 | D:5      | Reached XP level 6. HP: 27/28 MP: 6/11
  4758 | D:3      | Reached skill level 1 in Fire Magic
  4758 | D:3      | Reached XP level 7. HP: 13/32 MP: 2/12
  5444 | D:5      | Noticed Edmund
  5474 | D:5      | Reached skill level 1 in Air Magic
  5480 | D:5      | Killed Edmund
  5947 | D:5      | Found a stormy altar of Qazlal.
  5947 | D:5      | Found a white marble altar of Elyvilon.
  5978 | D:5      | Found a burning altar of Makhleb.
  6242 | D:6      | Found Huxtyvvu's General Store.
  6286 | D:6      | Reached skill level 1 in Conjurations
  6286 | D:6      | Reached XP level 8. HP: 15/36 MP: 5/13
  6546 | D:6      | Found Astasu's General Store.
  6549 | D:6      | Bought 3 scrolls of teleportation for 99 gold pieces
  6549 | D:6      | Bought 2 potions of curing for 66 gold pieces
  7106 | D:6      | Learned a level 4 spell: Olgreb's Toxic Radiance
  7413 | D:6      | Reached skill level 1 in Fighting
  7415 | D:6      | Learned a level 1 spell: Sandblast
  7515 | D:6      | Reached skill level 1 in Earth Magic
  7917 | D:6      | Found a snail-covered altar of Cheibriados.
  8053 | D:6      | Found Leig's General Store.
  8059 | D:6      | Bought a potion of curing for 42 gold pieces
  8113 | D:7      | Found a staircase to the Ecumenical Temple.
  8134 | Temple   | Entered the Ecumenical Temple
  8317 | Temple   | Became a worshipper of Vehumet
  8392 | D:7      | Noticed Pikel
  8428 | D:7      | Killed Pikel
  8429 | D:7      | Reached skill level 5 in Dodging
  8429 | D:7      | Reached skill level 5 in Spellcasting
  8429 | D:7      | Reached skill level 1 in Necromancy
  8429 | D:7      | Reached skill level 1 in Translocations
  8429 | D:7      | Reached XP level 9. HP: 42/42 MP: 12/17
  8625 | D:7      | Identified the +10 dagger "Ocobb" {freeze, rElec rPois
                  | Str+3 Int+2}
  9169 | D:7      | Learned a level 2 spell: Passwall
  9535 | D:8      | Noticed a two-headed ogre
  9543 | D:8      | Noticed Prince Ribbit
  9568 | D:8      | Killed a two-headed ogre
  9575 | D:8      | Killed Prince Ribbit
  9576 | D:8      | Reached skill level 5 in Earth Magic
  9803 | D:8      | Noticed Grum
  9804 | D:8      | Reached XP level 10. HP: 49/49 MP: 7/20
  9818 | D:8      | Noticed Harold
  9963 | D:8      | Noticed a two-headed ogre
  9970 | D:8      | Reached * piety under Vehumet
  9970 | D:8      | Offered knowledge of Shock by Vehumet.
 10244 | D:7      | Learned a level 4 spell: Petrify
 10253 | D:8      | Killed Harold
 10408 | D:7      | Killed a two-headed ogre
 10765 | D:8      | Killed Grum
 10931 | D:8      | Identified the amulet of Opameuto {RegenMP rF+ Str+3 Dex+3}
 11481 | D:9      | Reached skill level 1 in Shields
 11541 | D:9      | Found a staircase to the Lair.
 11709 | D:9      | Offered knowledge of Searing Ray by Vehumet.
 11714 | D:9      | Reached ** piety under Vehumet
 11787 | D:9      | Found Vyfus's Weapon Shop.
 12237 | D:9      | Reached XP level 11. HP: 54/54 MP: 7/24
 12333 | D:9      | Found an ornate altar of the Wu Jian Council.
 12533 | D:9      | Noticed a deep elf pyromancer
 12536 | D:9      | Noticed a deep elf pyromancer
 12540 | D:9      | Killed a deep elf pyromancer
 12541 | D:9      | Killed a deep elf pyromancer
 12573 | D:9      | Learned a level 2 spell: Blink
 12579 | D:9      | Learned a level 5 spell: Lee's Rapid Deconstruction
 12702 | D:9      | Found a shimmering altar of Xom.
 13161 | D:4      | Killed Sigmund
 13193 | D:4      | Offered knowledge of Dazzling Flash by Vehumet.
 13502 | D:4      | Reached *** piety under Vehumet
 13849 | D:10     | Entered Level 10 of the Dungeon
 14021 | D:10     | Offered knowledge of Iskenderun's Mystic Blast by Vehumet.
 14145 | D:10     | Noticed a two-headed ogre
 14151 | D:10     | Killed a two-headed ogre
 14263 | D:10     | Noticed a two-headed ogre
 14276 | D:10     | Killed a two-headed ogre
 15260 | D:11     | Noticed Urug
 15266 | D:11     | Killed Urug
 15306 | D:11     | Noticed Fannar
 15307 | D:11     | Noticed a two-headed ogre
 15311 | D:11     | Killed a two-headed ogre
 15312 | D:11     | Reached skill level 10 in Spellcasting
 15312 | D:11     | Killed Fannar
 15324 | D:11     | Noticed a two-headed ogre
 15329 | D:11     | Killed a two-headed ogre
 15330 | D:11     | Reached skill level 10 in Earth Magic
 15420 | D:11     | Noticed a two-headed ogre
 15437 | D:11     | Killed a two-headed ogre
 15727 | D:11     | Identified the +10 whip "Xyplip" {venom, rF+}
 15962 | D:11     | Reached XP level 12. HP: 23/58 MP: 20/27
 16154 | D:11     | Noticed Erica
 16162 | D:11     | Killed Erica
 16162 | D:11     | Reached **** piety under Vehumet
 16362 | D:12     | Offered knowledge of Bolt of Magma by Vehumet.
 16565 | D:12     | Identified the +7 war axe of Luxkid {vamp, *Slow rPois rF-
                  | Int+9}
 16711 | Lair:1   | Entered Level 1 of the Lair of Beasts
 16763 | Lair:1   | Reached skill level 5 in Shields
 16888 | Lair:1   | Noticed a six-headed hydra
 16889 | Lair:1   | Noticed a seven-headed hydra
 16891 | Lair:1   | Killed a six-headed hydra
 17224 | Lair:1   | Found the +12 glaive of Prune {vorpal}
 17251 | Lair:1   | Found a snail-covered altar of Cheibriados.
 17353 | Lair:1   | Killed a seven-headed hydra
 18012 | Lair:2   | Reached ***** piety under Vehumet
 18020 | Lair:2   | Offered knowledge of Conjure Ball Lightning by Vehumet.
 18126 | Lair:2   | Noticed a catoblepas
 18133 | Lair:2   | Killed a catoblepas
 18438 | Lair:2   | Reached XP level 13. HP: 63/63 MP: 14/28
 18581 | Lair:2   | Found a hole to the Spider Nest.
 18680 | Lair:2   | Identified a scroll of acquirement
 18680 | Lair:2   | Acquired 546 gold pieces
 19423 | D:6      | Bought 2 potions of curing for 84 gold pieces
 19423 | D:6      | Bought a +1 robe of fire resistance for 177 gold pieces
 19578 | Spider:1 | Entered Level 1 of the Spider Nest
 19618 | Lair:3   | Noticed Sonja
 19621 | Lair:3   | Killed Sonja
 19728 | Lair:3   | Reached skill level 5 in Fighting
 20194 | Lair:3   | Offered knowledge of Lightning Bolt by Vehumet.
 20201 | Lair:3   | Learned a level 5 spell: Lightning Bolt
 20295 | Lair:3   | Found a staircase to the Swamp.
 21945 | Lair:5   | Found a staircase to the Slime Pits.
 21945 | Lair:5   | Found a viscous altar of Jiyva.
 22011 | Lair:5   | Reached skill level 10 in Dodging
 22028 | Lair:5   | Reached XP level 14. HP: 46/69 MP: 9/30
 22335 | Lair:5   | You fall into a shaft and drop 1 floor!
 22335 | Lair:6   | Entered Level 6 of the Lair of Beasts
 23568 | D:12     | Found a staircase to the Orcish Mines.
 23839 | D:12     | You fall into a shaft and drop 1 floor!
 23914 | D:13     | Reached skill level 5 in Air Magic
 24095 | D:13     | Offered knowledge of Iron Shot by Vehumet.
 24212 | D:13     | Found a gate to the Vaults.
 24227 | D:13     | Learned a level 6 spell: Iron Shot
 24565 | D:13     | Found a frozen archway.
 24619 | IceCv    | Entered an ice cave
 24948 | IceCv    | Offered knowledge of Fireball by Vehumet.
 25195 | IceCv    | Noticed a frost giant
 25202 | IceCv    | Killed a frost giant
 25203 | IceCv    | Reached XP level 15. HP: 44/75 MP: 22/32
 25986 | Orc:1    | Entered Level 1 of the Orcish Mines
 26562 | Orc:1    | Noticed Erolcha
 26578 | Orc:1    | Killed Erolcha
 26839 | Orc:2    | Entered Level 2 of the Orcish Mines
 27314 | Orc:2    | Found a staircase to the Elven Halls.
 27793 | Orc:2    | Reached ****** piety under Vehumet
 27854 | Orc:2    | Found Wilir's Antique Armour Shop.
 27854 | Orc:2    | Found Tatuwo's Book Shoppe.
 27877 | Orc:2    | Bought a glowing scarf for 272 gold pieces
 28026 | Orc:2    | Offered knowledge of Starburst by Vehumet.
 28608 | Orc:2    | Noticed an orc warlord
 28639 | Orc:2    | Killed an orc warlord
 28887 | Orc:2    | Found Vomexzis's Antique Armour Shop.
 28887 | Orc:2    | Found Jairphu's Antique Armour Shoppe.
 29775 | Orc:2    | Bought a book of Transfigurations for 770 gold pieces
 29986 | Swamp:1  | Entered Level 1 of the Swamp
 30390 | D:13     | Noticed Jorgrun
 30408 | D:13     | Killed Jorgrun
 30735 | D:13     | Learned a level 6 spell: Statue Form
 31653 | D:14     | Reached skill level 5 in Conjurations
 31653 | D:14     | Reached skill level 15 in Earth Magic
 31937 | D:14     | Noticed Kirke
 31959 | D:14     | Killed Kirke
 32527 | D:15     | Entered Level 15 of the Dungeon
 32784 | D:15     | Offered knowledge of Spellforged Servitor by Vehumet.
 33360 | D:15     | Reached XP level 16. HP: 82/82 MP: 22/35
 33562 | D:15     | Found a staircase to the Depths.
 34377 | Spider:1 | Reached skill level 15 in Spellcasting
 34776 | Spider:2 | Reached skill level 10 in Fighting
 35358 | Spider:4 | Entered Level 4 of the Spider Nest
 35508 | Spider:3 | Offered knowledge of Orb of Destruction by Vehumet.
 35988 | Spider:4 | Reached skill level 1 in Axes
 36526 | Spider:4 | Reached XP level 17. HP: 93/93 MP: 33/37
 36682 | Spider:4 | Reached skill level 5 in Axes
 37139 | Spider:4 | Offered knowledge of Lehudib's Crystal Spear by Vehumet.
 37139 | Spider:4 | Offered knowledge of Chain Lightning by Vehumet.
 37139 | Spider:4 | Offered knowledge of Tornado by Vehumet.
 37143 | Spider:4 | Got a gossamer rune of Zot
 37951 | Swamp:1  | Found a large runed translucent door.
 37951 | Swamp:1  | Found a large runed translucent door.
 37962 | Swamp:1  | Noticed Apurealuerch's ghost (adept GrGl)
 38365 | Swamp:1  | Identified the +5 short sword of Uguneq {vorpal, rElec}
 38495 | Swamp:1  | Noticed Donald
 38507 | Swamp:1  | Killed Donald
 39277 | Swamp:2  | Found a large runed translucent door.
 39277 | Swamp:2  | Found a large runed translucent door.
 39278 | Swamp:2  | Noticed taxman66's ghost (journeyman DDFi)
 40688 | Swamp:3  | Noticed Aizul
 40694 | Swamp:3  | Killed Aizul
 41290 | Swamp:4  | Entered Level 4 of the Swamp
 41290 | Swamp:4  | Noticed Mara
 41295 | Swamp:4  | Killed Mara
 41764 | Swamp:4  | Reached XP level 18. HP: 98/98 MP: 16/39
 42132 | Swamp:4  | Got a decaying rune of Zot
 42433 | Vaults:1 | Entered Level 1 of the Vaults
 42837 | Vaults:1 | Found Ateshaa's Jewellery Boutique.
 42853 | Vaults:1 | Found a magical portal.
 42911 | WizLab   | Entered Zonguldrok's Shrine
 43285 | WizLab   | Noticed an antique lich
 43290 | WizLab   | Killed an antique lich
 43292 | WizLab   | Found the +9 sword of Zonguldrok {reap}
 44401 | Vaults:1 | Annihilated by a titanic slime creature

Illustrated notes

Levels and vault maps discovered:
D:1:      eino_arrival_cavern_e, layout_rooms, grunt_decor_arrowhead
D:2:      layout_basic, serial_forest, infiniplex_forest_straight_4,
          infiniplex_forest_lined_room_2, infiniplex_forest_clump_double,
          infiniplex_forest_straight_2, infiniplex_forest_zigzag_2,
          infiniplex_forest_clump_curved, infiniplex_forest_clump_long,
          infiniplex_forest_straight_2, infiniplex_forest_straight_1,
          infiniplex_forest_clump_small, basic_ecumenical_altar, uniq_jessica
D:3:      layout_loops_ring, minmay_misc_feat_more_columns
D:4:      layout_loops_ring, nrook_loot_triangle, st_stairs_8, uniq_sigmund
D:5:      layout_cave_pools, makhleb_grotto_becter,
          gammafunk_temple_overflow_wave, hangedman_minor_gate_pass, uniq_edmund
D:6:      minmay_flawed_box, layout_loops_ring, slow_altar_1, serial_shops,
          shop_statue, kennysheep_mini, shop
D:7:      layout_loops_ring, temple_statues, chequers_serial_rivers_small_b,
          uniq_pikel
D:8:      layout_cave_pools, uniq_harold, uniq_grum, uniq_prince_ribbit1
D:9:      layout_stronghold, led_xom_imps, nicolae_wu_jian_immortal_techniques,
          grunt_lair_entry_orc_guard_hut, serial_shops, kennysheep_little_box,
          hex_tiny, hangedman_minor_magic
D:10:     layout_stronghold
D:11:     layout_loops_ring, uniq_urug, uniq_erica, uniq_fannar
D:12:     layout_irregular_city, david_orc_2, fungi_pond_lemuel,
          minmay_misc_feat_alley
D:13:     layout_stronghold, erik_vaults_2, serial_ice, serial_ice_b,
          serial_ice_c, serial_ice_o, serial_ice_j, portal_ice_cave_entry_imps,
          uniq_jorgrun
D:14:     layout_loops_cross, kennysheep_nub, feat_on_display, uniq_kirke
D:15:     gammafunk_enter_depths_forms, layout_stronghold, minmay_door_square,
          moated_statue
Temple:   eino_temple_rhombus
Lair:1:   layout_roguey, kennysheep_snail_temple
Lair:2:   layout_small_grid, dummy_spider_entry, st_stairs_7,
          kennysheep_abandoned_house, infiniplex_staircase_pool_2,
          grunt_megastairs_1
Lair:3:   layout_gridlike, swamp_mist, grunt_megastairs_3, serial_bayou_shore_a,
          uniq_sonja
Lair:4:   layout_cave_shapes, minmay_lair_oklob_bushes, grunt_megastairs_4,
          lemuel_fruit_tree, serial_bayou_shore_b, infiniplex_staircase_pool
Lair:5:   layout_roguey, slime_altar_1, lemuel_another_geyser
Lair:6:   gammafunk_lair_ancient_temple, layout_misc_corridors,
          serial_bayou_shore_b
Swamp:1:  nicolae_swamp_tree_isthmus, layout_falls_marsh,
          ebering_ghost_disaster_area, evilmike_swamp_ruin_house_3, uniq_donald
Swamp:2:  layout_falls_marsh, ebering_ghost_disaster_area,
          nicolae_swamp_little_tower
Swamp:3:  nicolae_swamp_decorative_isthmus, layout_basic_swamp,
          evilmike_swamp_ruin_house_1, swamp_pool1, uniq_aizul
Swamp:4:  swamp, layout_basic_swamp, uniq_mara
Spider:1: layout_spider_delve
Spider:2: gammafunk_its_a_trap
Spider:3: layout_spider_delve
Spider:4: floodkiller_spider_rune_tomb, spiders_nest_hornet_nest
Orc:1:    layout_caves, uniq_erolcha
Orc:2:    st_orc_town, layout_caves, nicolae_orc_damp_corner
Vaults:1: nicolae_vaults_little_squares_3, st_squares, vaults_dpeg_hooks,
          ontoclasm_vaults_hangar, v_misc_16, vaults_mumra_chevron,
          ontoclasm_vaults_loading_screen, v_misc_26,
          vaults_standard_mumra_lines, v_misc_11, v_misc_24,
          ontoclasm_vaults_shuriken, v_misc_4, layout_vaults_maze_bifur,
          infiniplex_enter_wizlab_glasses, serial_shops, shop

Skill      XL: |  1  2  3  4  5  6  7  8  9 10 11 12 13 14 15 16 17 18 |
---------------+-------------------------------------------------------+-----
Transmutations | 2 3 4 5 6 |  6.0
Poison Magic   | 4 5 6 7 8 |  8.0
Fire Magic     | 1 2 |  2.0
Air Magic      | 2 4 5 |  5.2
Conjurations   | 1 3 5 6 7 |  7.8
Dodging        | 5 7 8 10 11 12 | 12.0
Spellcasting   | 5 6 8 10 11 12 14 15 16 17 | 17.4
Fighting       | 2 3 4 5 7 8 12 | 12.0
Earth Magic    | 3 5 8 10 12 13 14 15 16 17 | 17.5
Necromancy     | 1 |  1.0
Translocations | 1 |  1.0
Shields        | 2 4 7 |  7.2
Axes           | 3 5 |  5.0
Stealth        | |  3.3

Action                   |  1- 3 |  4- 6 |  7- 9 | 10-12 | 13-15 | 16-18 || total
-------------------------+-------+-------+-------+-------+-------+-------++-------
Melee: Short sword       |     2 |       |       |       |       |       ||     2
       Club              |       |    10 |    19 |       |       |       ||    29
       Dagger            |       |       |     6 |    16 |       |       ||    22
       Rapier            |       |       |     3 |    12 |       |       ||    15
       War axe           |       |       |       |       |    87 |   291 ||   378
 Cast: Sting             |    89 |   123 |   238 |   130 |       |       ||   580
       Sandblast         |       |       |     4 |    32 |     3 |     3 ||    42
       Mephitic Cloud    |       |       |     4 |    11 |     2 |       ||    17
       Ignite Poison     |       |       |     3 |    84 |   149 |    48 ||   284
       Olgreb's Toxic Ra |       |       |     1 |   111 |   187 |    97 ||   396
       Lee's Rapid Decon |       |       |       |    36 |   110 |    39 ||   185
       Petrify           |       |       |       |     6 |     5 |       ||    11
       Lightning Bolt    |       |       |       |       |    36 |       ||    36
       Blink             |       |       |       |       |     6 |     2 ||     8
       Iron Shot         |       |       |       |       |   109 |   334 ||   443
       Statue Form       |       |       |       |       |       |    87 ||    87
Evoke: Wand              |       |       |       |     5 |     2 |     7 ||    14
       Tin of tremorston |       |       |       |       |     2 |     2 ||     4
  Use: Scroll            |       |     4 |     6 |    15 |     9 |     6 ||    40
       Potion            |       |       |       |       |     3 |     6 ||     9
 Stab: Distracted        |       |       |     1 |       |       |     1 ||     2
       Sleeping          |       |       |       |     2 |       |       ||     2
       Petrifying        |       |       |       |     2 |       |       ||     2
       Petrified         |       |       |       |     1 |       |       ||     1
       Confused          |       |       |       |       |       |     1 ||     1
Armor: Robe              |     3 |     1 |     9 |     5 |    21 |    13 ||    52
       Animal skin       |       |       |       |     5 |       |       ||     5
       Skin              |       |       |       |       |       |   527 ||   527
Dodge: Dodged            |    16 |    54 |   107 |   146 |   192 |  1745 ||  2260
       Repelled          |       |       |       |       |       |    13 ||    13
Block: Buckler           |       |       |       |    46 |   118 |   697 ||   861

Table legend: (Time is in decaauts)
 A = Elapsed time spent in this place.
 B = Non-inter-level travel time spent in this place.
 C = Inter-level travel time spent in this place.
 D = Time resting spent in this place.
 E = Time spent auto-exploring this place.
 F = Levels seen in this place.
 G = Mean time per level.
                   A        B        C        D        E       F      G
               +--------+--------+--------+--------+--------+-----+--------+
         Total |  39381 |  37301 |   2080 |  13130 |  16488 |  35 | 1125.2 |
       Dungeon |  18189 |  16967 |   1222 |   4659 |   9629 |  15 | 1212.6 |
        Temple |    121 |    112 |      9 |      0 |    108 |   1 |  121.0 |
          Lair |   5519 |   5033 |    486 |   1563 |   2676 |   6 |  919.8 |
         Swamp |   5671 |   5470 |    201 |   2549 |   1767 |   4 | 1417.8 |
   Spider Nest |   4167 |   4110 |     57 |   2255 |    285 |   4 | 1041.8 |
  Orcish Mines |   2750 |   2648 |    102 |   1243 |    866 |   2 | 1375.0 |
        Vaults |   1682 |   1682 |      0 |    398 |    927 |   1 | 1682.0 |
      Ice Cave |    679 |    679 |      0 |    253 |    204 |   1 |  679.0 |
        Wizlab |    601 |    601 |      0 |    210 |     22 |   1 |  601.0 |
               +--------+--------+--------+--------+--------+-----+--------+

Top non-repeatable levels by time:
 Swamp:1: 1914 daAuts
   Orc:2: 1847 daAuts
     D:7: 1696 daAuts
Vaults:1: 1682 daAuts
     D:6: 1669 daAuts
     D:9: 1627 daAuts
 Swamp:2: 1618 daAuts
  Lair:2: 1583 daAuts
     D:2: 1575 daAuts
Spider:4: 1501 daAuts
     D:5: 1436 daAuts
    D:13: 1420 daAuts
 Swamp:3: 1372 daAuts
  Lair:3: 1338 daAuts
Spider:3: 1255 daAuts
